 Dungeon Sprint DCSS version 0.32-a0-711-g016ad743e0 (webtiles) character file.

Game seed: 7508989996708169333

362 Griffin23 the Protected (level 6, -35/56 HPs)
             Began as a Minotaur Fighter on Mar 15, 2024.
             Was a Believer of Hepliaklqana.
             Killed from afar by a deep elf knight (38 damage)
             ... with a shard of ice
             ... in the Dungeon (Sprint V: "Ziggurat Sprint").
             The game lasted 00:06:16 (209 turns).

Griffin23 the Protected (Minotaur Fighter)           Turns: 209, Time: 00:06:16

Health: -35/56     AC: 25    Str: 29    XL:     6   Next: 39%
Magic:  5/5        EV:  5    Int:  5    God:    Hepliaklqana [**....]
Gold:   0          SH:  0    Dex: 15    Spells: 5/5 levels left

rFire   . . .        F - +11 plutonium sword {^Contam Stlth-}
rCold   . . .        (shield currently unavailable)
rNeg    . . .        k - +5 crystal plate armour
rPois   .            (helmet restricted)
rElec   .            (no cloak)
rCorr   .            (no gloves)
SInv    .            (no boots)
Will    .....        (no amulet) Stlth
                     D - +6 ring of strength
HPRegen 0.29/turn    y - +6 ring of dexterity
MPRegen 0.09/turn

%: no teleportation
@: studying Unarmed Combat
A: reduced essence, horns 2, retaliatory headbutt
a: Renounce Religion, Ancestor Life: Knight, Ancestor Life: Battlemage, Ancestor
Life: Hexer, Recall Ancestor, Ancestor Identity


You were in the Dungeon.
You worshipped Hepliaklqana.
Hepliaklqana was pleased with you.
You visited 1 branch

Inventory:

Hand Weapons
 a - a +0 long sword
 m - a +5 triple sword
 E - the +11 Singing Sword {sonic wave}
   (You found it in the Dungeon)
 F - the +11 plutonium sword (weapon) {^Contam Stlth-}
   (You found it in the Dungeon)

   ^Contam:   It causes magical contamination when unequipped.
   Stlth-:    It makes you less stealthy.
 G - the +9 sword of Power {lifebolt}
   (You found it in the Dungeon)
 H - the +9 sword of Zonguldrok {reap}
   (You found it in the Dungeon)
Armour
 b - a +0 scale mail
 c - a +0 buckler
 k - a +5 crystal plate armour (worn)
 l - a +3 kite shield
Jewellery
 u - the ring of Tyfapp {rF+ rN+ Int+3}
   (You found it in the Dungeon)

   [ring of protection from fire]

   Int+3:     It affects your intelligence (+3).
   rF+:       It protects you from fire.
   rN+:       It protects you from negative energy.
 x - a ring of flight
 y - a +6 ring of dexterity (right hand)
 z - a +6 ring of dexterity
 A - a +6 ring of intelligence
 B - a +6 ring of intelligence
 C - a +6 ring of strength
 D - a +6 ring of strength (left hand)
Wands
 v - a wand of mindburst (7)
 w - a wand of acid (7)
Scrolls
 j - 3 scrolls of blinking
 n - 4 scrolls of amnesia
 o - 7 scrolls of fog
 p - 5 scrolls of identify
 q - 2 scrolls of fear
Potions
 d - 6 potions of might
 e - 10 potions of curing
 f - 10 potions of heal wounds
 g - 6 potions of haste
 h - 7 potions of magic
 i - 3 potions of berserk rage
 r - 2 potions of brilliance
 s - 2 potions of invisibility
 t - 4 potions of resistance


   Skills:
 + Level 9.0 Fighting
 * Level 8.2 Long Blades
 + Level 9.9 Armour
 + Level 8.9 Shields
 - Level 2.3 Evocations


You had 5 spell levels left.
You didn't know any spells.
Your spell library was empty.

Dungeon Overview and Level Annotations

Branches:
Dungeon (1/1)

Altars:
Ashenzari
Cheibriados
Dithmenos
Elyvilon
Fedhas
Gozag
Hepliaklqana
Kikubaaqudgha
Makhleb
Nemelex Xobeh
Okawaru
Qazlal
Ru
Sif Muna
Trog
Uskayaw
Vehumet
Wu Jian
Xom
Yredelemnul
Zin
The Shining One
Beogh
Jiyva
Lugonu


Innate Abilities, Weirdness & Mutations

Your life essence is reduced to manifest your ancestor. (-10% HP)
You have a pair of horns on your head.
You reflexively headbutt those who attack you in melee.


Message History

You closely miss the merfolk. The merfolk completely misses you.
You furiously retaliate!
You headbutt the merfolk!
The merfolk throws a boomerang.
The boomerang hits you. The merfolk hits you with a +0 trident.
The merfolk hits you but does no damage.
Ecuasounn closely misses the merfolk.
The merfolk hits you but does no damage. x2
You slice the merfolk!! You headbutt the merfolk!
The merfolk is almost dead.
The merfolk hits you with a +0 trident.
The merfolk throws a boomerang.
The boomerang hits you but does no damage.
Ecuasounn closely misses the merfolk.
The merfolk hits you from afar with a +0 trident.
The merfolk hits you with a +0 trident!
The merfolk hits you but does no damage. x2
You are too injured to fight recklessly!
You are too injured to fight recklessly!
You slash the merfolk!
You headbutt the merfolk, but do no damage.
The merfolk is moderately wounded.
Ecuasounn hits the merfolk.
The merfolk hits you from afar with a +0 trident!
* * * LOW HITPOINT WARNING * * *
The merfolk hits you but does no damage. x2
The merfolk hits you from afar with a +0 trident!
* * * LOW HITPOINT WARNING * * *
Ecuasounn hits the merfolk.
Blink to where?
Press: ? - help, Dir - move target
As you read the scroll of blinking, it crumbles to dust.
Welcome to arena 4.
You enter the transporter and appear at another place.
A +1 dire flail of protection, a deep elf pyromancer, a deep elf knight and a +1 scimitar of flaming come into view.
The deep elf pyromancer shouts!
The deep elf knight shouts!
The deep elf knight gestures at you while chanting.
You may now remember your ancestor's life.
The shard of ice hits you!!!
Ouch! That really hurt!
You die...
Hepliaklqana delivers you to your ancestors.

▓..©..▓..©..▓▓▓▓▓▓▓
▓▓▓▓▓▓▓▓▓▓▓▓▓▓
▓..ß©ß...▓
▓..)[e...▓
▓..(e....▓
▓...(....▓
▓........▓
▓........▓
▓...@....▓
▓▓▓▓▓▓▓▓▓▓


You could see a deep elf knight, a deep elf pyromancer and 2 dancing weapons.

Vanquished Creatures
  A smoke demon (D)
  A crimson imp (D)
  A quasit (D)
  A shadow imp (D)
  A white imp (D)
5 creatures vanquished.

Notes
Turn   | Place    | Note
-------+----------+-------------------------------------------
     0 | D        | Griffin23 the Minotaur Fighter began the quest for the Orb.
     0 | D        | Reached XP level 1. HP: 19/19 MP: 0/0
     3 | D        | Found a blossoming altar of Fedhas.
     3 | D        | Found the +6 Majin-Bo {spellvamp, MP+6 Int+6}
     3 | D        | Found the +27 heavy crossbow "Sniper" {heavy, Acc+∞ SInv}
     3 | D        | Found the +10 dark maul {heavy}
     3 | D        | Found the +15 Maxwell's patent armour {-Cast -Tele rElec
                  | Will+ rCorr}
     3 | D        | Found the +18 shield of the Gong {Loud rN+ Will+ rCorr
                  | EV-5}
     3 | D        | Found the +16 obsidian axe {drain, demonic, Mesm ^Drain Fly
                  | SInv}
     3 | D        | Found the +7 great mace "Firestarter" {flame, immolate,
                  | rFlCloud rF++}
     3 | D        | Found the +6 shillelagh "Devastator" {shatter}
     3 | D        | Found the +11 plutonium sword {^Contam Stlth-}
     3 | D        | Found the +8 lance "Wyrmbane" {slay drac, rPois rF+ rC+
                  | AC+3}
     3 | D        | Found the +9 sword of Zonguldrok {reap}
     3 | D        | Found the +13 scythe of Curses {drain, curses, ^Drain}
     3 | D        | Found the +9 sword of Power {lifebolt}
     3 | D        | Found the +7 mace of Variability {chaos, chaos arc}
     3 | D        | Found the +11 Singing Sword {sonic wave}
     3 | D        | Found the +8 storm bow {elec, penet}
     5 | D        | Found a viscous altar of Jiyva.
     5 | D        | Found a hazy altar of Hepliaklqana.
     5 | D        | Found a transporter.
     5 | D        | Found an opulent altar of Gozag.
     5 | D        | Found an ancient bone altar of Kikubaaqudgha.
     5 | D        | Found a corrupted altar of Lugonu.
    19 | D        | Found a burning altar of Makhleb.
    20 | D        | Found a sacrificial altar of Ru.
    20 | D        | Found a shimmering blue altar of Sif Muna.
    20 | D        | Found a stormy altar of Qazlal.
    20 | D        | Found a bloodstained altar of Trog.
    20 | D        | Found an iron altar of Okawaru.
    20 | D        | Found a sparkling altar of Nemelex Xobeh.
   122 | D        | Reached skill level 5 in Fighting
   122 | D        | Reached skill level 5 in Long Blades
   122 | D        | Reached skill level 5 in Armour
   122 | D        | Reached skill level 5 in Shields
   122 | D        | Reached XP level 2. HP: 29/29 MP: 1/1
   161 | D        | Became a worshipper of Hepliaklqana the Forgotten
   166 | D        | Entered arena 2.
   166 | D        | Noticed a crimson imp
   166 | D        | Found a transporter.
   168 | D        | Killed a crimson imp
   169 | D        | Reached XP level 3. HP: 34/37 MP: 2/2
   172 | D        | Reached XP level 4. HP: 42/45 MP: 3/3
   175 | D        | Got the ring of Tyfapp {rF+ rN+ Int+3}
   181 | D        | Entered arena 3.
   181 | D        | Noticed a smoke demon
   181 | D        | Found a transporter.
   187 | D        | Killed a smoke demon
   188 | D        | Reached XP level 5. HP: 54/57 MP: 4/4
   188 | D        | Reached XP level 6. HP: 60/63 MP: 5/5
   201 | D        | Entered arena 4.
   201 | D        | Noticed a merfolk
   201 | D        | Noticed a merfolk
   201 | D        | Noticed a merfolk
   201 | D        | Noticed a merfolk
   201 | D        | Reached * piety under Hepliaklqana
   201 | D        | Found a transporter.
   207 | D        | HP: 2/56 [merfolk/+0 trident (7)]
   209 | D        | Entered arena 5.
   209 | D        | Noticed a +1 dire flail of protection
   209 | D        | Noticed a deep elf pyromancer
   209 | D        | Noticed a deep elf knight
   209 | D        | Noticed a +1 scimitar of flaming
   209 | D        | Reached ** piety under Hepliaklqana
   209 | D        | Found a transporter.
   209 | D        | Killed from afar by a deep elf knight

Illustrated notes

Levels and vault maps discovered:
D:        sprint_v [room_start, room_1, room_2, room_3, room_4, room_5, room_6,
          room_7, room_8, room_9, room_10, room_11, room_12, room_13, room_14,
          room_15, room_16, room_17, room_18, room_19, room_20, room_21,
          room_22, room_23, room_24, room_25, room_26, room_27]

Skill      XL: |  1  2  3  4 |
---------------+-------------+-----
Fighting       | 5 6 9 |  9.0
Long Blades    | 5 6 8 |  8.2
Armour         | 5 6 9 |  9.9
Shields        | 5 6 8 |  8.9
Evocations     | 2 |  2.3

Action                     |  1- 3 |  4- 6 || total
---------------------------+-------+-------++-------
  Melee: Triple sword      |     4 |     9 ||    13
         Headbutt          |       |     5 ||     5
    Use: Potion            |     1 |       ||     1
         Scroll            |       |     1 ||     1
 Armour: Crystal plate arm |    21 |    41 ||    62
  Dodge: Dodged            |     1 |     7 ||     8

Table legend: (Time is in decaauts)
 A = Elapsed time spent in this place.
 B = Non-inter-level travel time spent in this place.
 C = Inter-level travel time spent in this place.
 D = Time resting spent in this place.
 E = Time spent auto-exploring this place.
 F = Levels seen in this place.
 G = Mean time per level.
                   A        B        C        D        E       F      G
               +--------+--------+--------+--------+--------+-----+--------+
         Total |    212 |    176 |     36 |      0 |      0 |   1 |  212.0 |
       Dungeon |    212 |    176 |     36 |      0 |      0 |   1 |  212.0 |
               +--------+--------+--------+--------+--------+-----+--------+

Top non-repeatable levels by time:
       D: 212 daAuts
